 Dungeon Crawl Stone Soup version 0.30.0-30-g96aa6591b8 (webtiles) character file.

Game seed: 16695099654683689135

282334 Elmgren the Slayer (level 19, -10/220 HPs)
             Began as a Minotaur Fighter on June 25, 2023.
             Was a Priest of Jiyva.
             Killed from afar by an ice dragon (50 damage)
             ... with a blast of cold
             ... on level 3 of the Depths on June 27, 2023.
             The game lasted 01:25:04 (32717 turns).

Elmgren the Slayer (Minotaur Fighter)              Turns: 32717, Time: 01:25:05

Health: -10/220    AC: 29    Str: 32    XL:     19   Next: 30%
Magic:  21/21      EV: 10    Int:  2    God:    Jiyva [***...]
Gold:   2135       SH: 26    Dex: 16    Spells: 18/18 levels left

rFire   . . .        r - +5 demon whip (elec)
rCold   . . .        W - +0 kite shield
rNeg    + . .        m - +5 chain mail of the Dwarven Hall {+Blink rCorr Dex+3 SInv}
rPois   +            (helmet restricted)
rElec   +            U - scarf {+Inv}
rCorr   +            u - +2 pair of gloves of Midsummer {rN+}
SInv    +            c - +0 pair of boots
Will    +....        M - amulet of reflection Stlth
                     J - ring of Vamuaf {rElec rPois Str+3}
HPRegen 1.68/turn    a - ring of Incredulity {Int-3 Dex+3 Slay+2 SInv}
MPRegen 0.52/turn

%: reflection
@: no status effects
A: horns 2, retaliatory headbutt, hooves 2, iridescent scales 3, large bone
plates 3, high MP 2, passive freeze, robust 1, acidic bite, eyeballs 1,
gelatinous body 1, pseudopods 1
}: 3/15 runes: decaying, slimy, gossamer
a: Renounce Religion, Evoke Blink, Evoke Invisibility, Oozemancy


You were on level 3 of the Depths.
You worshipped Jiyva.
Jiyva was most pleased with you.
You visited 8 branches of the dungeon, and saw 40 of its levels.
You visited the Abyss 1 time.
You also visited: Sewer and Ice Cave.

You collected 2135 gold pieces.

Inventory:

Hand Weapons
 r - a +5 demon whip of electrocution (weapon)
 E - the +5 morningstar of Dissatisfaction {flame, rN++ MP+9 Dex+3}
   (You acquired it on level 12 of the Dungeon)

   Dex:       It affects your dexterity (+3).
   rN:        It greatly protects you from negative energy.
   MP:        It affects your magic capacity (+9).
Missiles
 N - 2 throwing nets (quivered)
Armour
 c - a +0 pair of boots (worn)
 m - the +5 chain mail of the Dwarven Hall (worn) {+Blink rCorr Dex+3 SInv}
   (You found it on level 2 of the Dungeon)

   Dex:       It affects your dexterity (+3).
   SInv:      It lets you see invisible.
   +Blink:    It lets you blink.
   rCorr:     It protects you from acid and corrosion.
 u - the +2 pair of gloves of Midsummer (worn) {rN+}
   (You found it on level 5 of the Pits of Slime)

   rN:        It protects you from negative energy.
 U - a scarf of invisibility (worn)
 W - a +0 kite shield (worn)
Jewellery
 a - the ring of Incredulity (right hand) {Int-3 Dex+3 Slay+2 SInv}
   (You acquired it on level 7 of the Dungeon)

   [ring of see invisible]

   Int:       It affects your intelligence (-3).
   Dex:       It affects your dexterity (+3).
   Slay:      It affects your accuracy & damage with ranged weapons and melee
   (+2).
   SInv:      It lets you see invisible.
 J - the ring of Vamuaf (left hand) {rElec rPois Str+3}
   (You found it on level 1 of the Vaults)

   [ring of poison resistance]

   Str:       It affects your strength (+3).
   rElec:     It insulates you from electricity.
   rPois:     It protects you from poison.
 M - an amulet of reflection (around neck)
Wands
 b - a wand of flame (16)
 h - a wand of mindburst (11)
 i - a wand of digging (5)
 j - a wand of polymorph (8)
 x - a wand of roots (20)
 y - a wand of charming (11)
 C - a wand of quicksilver (15)
Scrolls
 e - 3 scrolls of fear
 f - 11 scrolls of teleportation
 p - 2 scrolls of fog
 q - 3 scrolls of magic mapping
 w - 2 scrolls of amnesia
 z - 2 scrolls of blinking
 F - 9 scrolls of identify
Potions
 d - 6 potions of might
 g - 5 potions of brilliance
 k - 7 potions of degeneration
 l - a potion of resistance
 n - 6 potions of mutation
 o - 5 potions of invisibility
 s - 3 potions of ambrosia
 t - 10 potions of haste
 A - 8 potions of curing
 B - a potion of attraction
 D - a potion of berserk rage
 G - 4 potions of heal wounds
 Q - a potion of magic
 S - a potion of lignification
Miscellaneous
 H - a box of beasts
 X - a piece from Xom's chessboard (15/15)
 Z - a phantom mirror


   Skills:
 + Level 24.7 Fighting
 - Level 23.3 Maces & Flails
 * Level 20.4 Armour
 * Level 13.4 Shields
 - Level 5.8 Evocations


You had 18 spell levels left.
You didn't know any spells.
Your spell library contained the following spells:

 Spells                   Type           Power      Damage    Failure   Level
 Apportation              Tloc           0%         N/A       90%         1
 Freeze                   Ice            0%         1d3       90%         1
 Momentum Strike          Conj/Tloc      0%         3d8       97%         2
 Static Discharge         Conj/Air       0%         2-2/arc   97%         2
 Call Canine Familiar     Summ           0%         N/A       99%         3
 Frozen Ramparts          Ice            0%         1d1       99%         3
 Hailstorm                Conj/Ice       0%         3d3       99%         3
 Portal Projectile        Hex/Tloc       0%         N/A       99%         3
 Stone Arrow              Conj/Erth      0%         3d7       99%         3
 Airstrike                Air            0%         2d(0-16)  100%        4
 Animate Armour           Summ/Erth      0%         N/A       100%        4
 Leda's Liquefaction      Hex/Erth       0%         N/A       100%        4
 Summon Ice Beast         Ice/Summ       0%         N/A       100%        4
 Summon Lightning Spire   Summ/Air       0%         N/A       100%        4
 Fireball                 Conj/Fire      0%         3d3       100%        5
 Iskenderun's Battlesphe  Conj           0%         2d6       100%        5
 Conjure Ball Lightning   Conj/Air       0%         3x3d6     100%        6
 Dispersal                Tloc           0%         N/A       100%        6
 Orb of Destruction       Conj           0%         9d5       100%        7
 Lehudib's Crystal Spear  Conj/Erth      0%         10d2      100%        8


Dungeon Overview and Level Annotations

Branches:
Dungeon (15/15) Zot: 25336  Temple (0/1) D:6            Lair (5/5) D:11 Zot: 23275
  Swamp (4/4) Lair:3 Zot: 20130  Spider (4/4) Lair:3 Zot: 20377   Slime (5/5) Lair:5 Zot: 26645
    Orc (2/2) D:12 Zot: 11028     Elf (0/3) Orc:2        Vaults (2/5) D:14 Zot: 10506
  Crypt (0/3) Vaults:2     Depths (3/4) D:15 Zot: 16882   Sewer (visited)
  IceCv (visited)

Altars:
Ashenzari
Dithmenos
Elyvilon
Fedhas
Hepliaklqana
Kikubaaqudgha
Makhleb
Qazlal
Uskayaw
Xom
Jiyva

Shops:
D:2 *   D:3 *   D:7 *   D:10 (((   D:11 (   D:12 ?   Orc:2 :(*[

Portals:
Hell: Depths:1

Annotations:
Slime:4 Dissolution
Slime:5 Royal Jelly


Innate Abilities, Weirdness & Mutations

You have a pair of horns on your head.
You reflexively headbutt those who attack you in melee.
You have hoof-like feet.
You are completely covered in iridescent scales. (AC +6)
You are completely covered in large bone plates. (SH +8)
You have a considerably increased reservoir of magic. (+20% MP)
A frigid envelope surrounds you and freezes all who hurt you.
You are robust. (+10% HP)
You have acidic saliva.
Your body has grown eyes which may confuse attackers. (Acc +3)
Your rubbery body absorbs attacks. (AC +1, EV +1)
Armour fits poorly on your pseudopods.


Message History

Lightning courses through the deep troll!
You headbutt the deep troll. You bite the deep troll.
Your bludgeon misses the deep troll. You thrash the deep troll!!
Lightning courses through the deep troll!
You kill the deep troll!
The tengu conjurer casts a spell.
The tengu conjurer conjures a globe of magical energy!
The ice dragon breathes frost at you. The blast of cold hits you!!!
* * * LOW HITPOINT WARNING * * *
A battlesphere comes into view.
You take 36 damage, and have 58/220 hp.
The tengu conjurer casts a spell.
The tengu conjurer blinks!
You see here 4 large rocks.
Things that are here:
a +0 troll leather armour; a very ugly thing corpse; a deep troll corpse You regained 2 hp, and now have 61/220 hp.
The wall burns the ice dragon!
Things that are here:
a +0 great sword of flaming; a very ugly thing corpse You regained 2 hp, and now have 63/220 hp.
The walls burn the ice dragon!
Things that are here:
a +0 troll leather armour; a deep troll skeleton You stop calling forth ooze.
The ice dragon breathes frost at you. The blast of cold hits you!!!
* * * LOW HITPOINT WARNING * * *
Things that are here:
a +0 troll leather armour; an iron troll skeleton You take 36 damage, and have 28/220 hp.
You regained 2 hp, and now have 30/220 hp.
You regained 2 hp, and now have 33/220 hp.
You regained 2 hp, and now have 35/220 hp.
You regained 2 hp, and now have 38/220 hp.
The ice dragon breathes frost at you. The blast of cold hits you!!!
You die...

#.# #.#
#######)#
#.[[)[(.#
#####.#######
##..D..#
##..#####
#..## #@#####
#.#...#
#.#.#.#####
#.#†#.#...#
#.#.#.#.#.###
#...#...#.)<#
#############


You could see an ice dragon (catching breath).

Vanquished Creatures
  Bai Suzhen (Spider:3)
  Arachne (Spider:3)
  A lich (Depths:2)
  A sphinx (Vaults:2)
  The ghost of fedoskokos the Executioner, an adept MiBe of Trog (Spider:4)
  A thorn hunter (Swamp:3)
  Donald (Spider:3)
  A fenstrider witch (Swamp:4)
  2 fire giants
  A vault warden (Vaults:2)
  3 frost giants
  A balrug (D:15)
  4 emperor scorpions
  A spectral caustic shrike (Depths:2)
  A ghoul (Lair:3)
  A deep elf sorcerer (Abyss:3)
  13 very ugly things
  4 ironbound preservers
  An orc warlord (Orc:2)
  3 ghost moths
  A cacodemon (Abyss:3)
  A juggernaut skeleton (D:15)
  4 broodmothers
  Nessos (D:14)
  7 stone giants
  3 ironbound thunderhulks
  An eleionoma (Swamp:3)
  4 bunyips
  6 spark wasps
  An eidolon (Abyss:4)
  3 shambling mangroves
  An ettin (Depths:3)
  2 jiangshi (Depths:1)
  3 entropy weavers
  Josephine (Lair:3)
  A yaktaur captain (Vaults:2)
  A fire dragon (Depths:1)
  3 ice dragons
  A spriggan air mage (Swamp:4)
  19 hydras
  3 rakshasas
  The ghost of MartinW the Scorcher, a journeyman DEFE of Vehumet (Lair:2)
  2 jorogumos
  5 ghost crabs
  3 catoblepae (Lair:5)
  4 ironbound frosthearts
  2 radroaches (Spider:2)
  5 two-headed ogres
  A death knight (D:14)
  7 boulder beetles
  3 deep troll shamans (Depths:3)
  6 alligators
  2 tengu warriors
  Urug (Lair:5)
  6 death yaks (Lair:5)
  A deep troll earth mage (Depths:3)
  13 spriggans
  4 thrashing horrors (Abyss:4)
  A sun demon (Depths:1)
  5 hell knights
  3 soul eaters
  7 skeletal warriors
  A titan skeleton (Vaults:2)
  A salamander mystic (Depths:2)
  6 goliath frogs
  A spark wasp zombie (D:15)
  5 iron trolls
  Lodul (D:12)
  6 pharaoh ants
  4 spriggan druids
  16 deep trolls
  11 orb spiders
  11 swamp dragons
  9 bog bodies
  A flayed ghost (Depths:1)
  7 ironbound convokers
  3 necromancers
  3 wizards
  2 steelbarb worms (Spider:4)
  6 lindwurms
  Pikel (D:4)
  6 wolf spider zombies (Spider:1)
  An iron dragon zombie (D:15)
  4 orc knights
  13 wolf spiders
  4 orc sorcerers (Orc:2)
  A deep elf pyromancer (D:14)
  A shadow dragon skeleton (Vaults:2)
  A salamander (Depths:2)
  5 ugly things
  6 large abominations
  4 oklob plants (Lair:4)
  6 manticores
  2 will-o-the-wisps
  6 cyclopes
  6 moths of wrath
  5 elephants (Lair:5)
  3 human skeletons (Vaults:2)
  A frost giant skeleton (Vaults:2)
  2 rust devils (D:12)
  A guardian serpent (Abyss:3)
  A stone giant skeleton (Vaults:2)
  3 smoke demons
  6 demonic crawlers
  A vault sentinel (Vaults:2)
  9 black mambas
  A gargoyle (D:12)
  4 torpor snails
  2 unseen horrors
  An orange demon (D:12)
  16 cane toads
  4 rime drakes
  Maggie (D:7)
  A kobold demonologist (D:11)
  8 yaktaurs
  A tengu conjurer (D:15)
  8 komodo dragons
  4 freezing wraiths
  An ancient zyme (Abyss:4)
  3 elf skeletons (Vaults:2)
  5 trolls
  2 polar bears
  9 redback zombies (Spider:1)
  19 tarantellas
  A troll (shapeshifter) (D:12)
  15 tyrant leeches
  16 hornets
  A wind drake (shapeshifter) (D:13)
  7 culicivora zombies (Spider:1)
  15 blink frogs
  3 raiju (Abyss:3)
  3 tarantella zombies (Spider:1)
  Grinder (D:3)
  4 small abominations (Abyss:4)
  25 jumping spiders
  2 centaur simulacra (D:11)
  11 culicivoras
  An ettin skeleton (Vaults:2)
  6 wraiths
  65 yaks
  3 vampires
  A water elemental (D:11)
  16 humans (D:14)
  2 wyverns
  2 basilisks
  2 steam dragons (D:7)
  7 vampire mosquitoes
  39 redbacks
  A death yak simulacrum (Lair:2)
  An ogre skeleton (Vaults:2)
  18 swamp worms
  3 acid dragons
  3 wargs
  A spectral cane toad (Lair:2)
  7 hell hounds (D:12)
  2 hydra simulacra (Lair:2)
  11 water moccasins
  4 swamp drakes
  A black bear (D:5)
  26 orc warriors
  A great orb of eyes simulacrum (IceCv)
  11 ogres
  A boulder beetle simulacrum (Lair:2)
  8 ice beasts
  A sky beast (D:7)
  A boggart (Abyss:3)
  14 wolves
  A lemure (D:4)
  2 slime creature simulacra (IceCv)
  3 kobold brigands
  2 phantoms (D:5)
  Blork the orc (D:6)
  10 bullfrogs
  2 glowing shapeshifter simulacra (IceCv)
  A two-headed ogre simulacrum (D:11)
  3 necrophages
  A cane toad simulacrum (Lair:2)
  15 wights
  7 killer bees
  An oklob sapling (D:6)
  A vampire bat (Lair:5)
  4 howler monkeys
  5 electric eels (D:8)
  4 jellies (Sewer)
  Crazy Yiuf (D:6)
  11 orc priests
  6 starcursed masses (Abyss:4)
  4 hounds
  2 iguanas
  Jessica (D:2)
  A shapeshifter simulacrum (IceCv)
  17 orc wizards
  A spriggan simulacrum (D:11)
  A boggart simulacrum (D:11)
  8 adders
  6 gnolls
  A naga simulacrum (D:11)
  A river rat (Sewer)
  2 shadow imps (D:7)
  4 white imps
  3 ufetubi
  3 worms
  4 dart slugs
  52 orcs
  4 bats
  13 endoplasms
  3 giant cockroaches
  5 goblins
  4 hobgoblins
  24 kobolds
  3 quokkas
  7 ball pythons
  5 frilled lizards
  3 rats
  A butterfly (Lair:3)
1102 creatures vanquished.

Vanquished Creatures (collateral kills)
  A spectral caustic shrike (Depths:2)
  A skeletal warrior (D:15)
  A phantasmal warrior (D:15)
  A salamander (Depths:2)
  2 smoke demons (Abyss:3)
  A human skeleton (D:15)
7 creatures vanquished.

Vanquished Creatures (others)
  An eleionoma (Lair:3)
  4 great orbs of eyes
  A vampire mage (Depths:1)
  A spriggan (Swamp:2)
  A glowing orange brain (Depths:3)
  A deep troll (Depths:1)
  A goliath frog (Swamp:1)
  A deep elf pyromancer (D:13)
  A necromancer (D:12)
  3 ice statues (IceCv)
  3 bloated husks
  3 hornets
  9 slime creatures
  A ynoxinul (Abyss:4)
  An acid dragon (D:11)
  A water moccasin (Lair:1)
  An ogre (D:5)
  A boggart (Vaults:2)
  A centaur (D:12)
  A slime creature simulacrum (IceCv)
  A glowing shapeshifter simulacrum (IceCv)
  A wight (D:8)
  3 killer bees (D:11)
  2 vampire bats
  An electric eel (D:8)
  112 jellies
  A howler monkey (D:8)
  A hound (D:7)
  An iron imp (Abyss:4)
  13 orc wizards
  A shapeshifter simulacrum (IceCv)
  4 gnolls
  A white imp (D:8)
  An endoplasm (D:3)
  14 orcs
  3 bats (Lair:5)
  2 bat skeletons (D:15)
  4 bat zombies (D:15)
  A butterfly (Lair:3)
  17 foxfires (Swamp:3)
  A lurking horror (Abyss:3)
  4 starspawn tentacles (Abyss:4)
226 creatures vanquished.

Grand Total: 1335 creatures vanquished

Notes
Turn   | Place    | Note
-------+----------+-------------------------------------------
     0 | D:1      | Elmgren the Minotaur Fighter began the quest for the Orb.
     0 | D:1      | Reached XP level 1. HP: 19/19 MP: 0/0
     0 | D:1      | Upgraded the game from 0.30.0-29-ga12c61a403 to
                  | 0.30.0-30-g96aa6591b8
    48 | D:1      | You fall into a shaft and drop 1 floor!
    48 | D:2      | Found Sueruuro's General Store.
    51 | D:2      | Noticed Jessica
    60 | D:2      | Reached skill level 4 in Fighting
    60 | D:2      | Reached XP level 2. HP: 27/27 MP: 1/1
    63 | D:2      | Killed Jessica
    64 | D:2      | Reached XP level 3. HP: 34/34 MP: 2/2
   813 | D:2      | Identified the +5 chain mail of the Dwarven Hall {+Blink
                  | rCorr Dex+3 SInv}
  1210 | D:2      | Reached skill level 5 in Fighting
  1210 | D:2      | Reached XP level 4. HP: 37/42 MP: 3/3
  1401 | D:3      | Found a glowing drain.
  1415 | Sewer    | Entered a sewer
  1542 | Sewer    | Reached skill level 5 in Maces & Flails
  1542 | Sewer    | Reached XP level 5. HP: 49/50 MP: 4/4
  1606 | Sewer    | Reached skill level 6 in Fighting
  1653 | Sewer    | Found a viscous altar of Jiyva.
  1720 | Sewer    | Reached XP level 6. HP: 55/57 MP: 5/5
  1759 | Sewer    | Became a worshipper of Jiyva Jemojy the Shapeless
  1903 | D:3      | Found Rol Rano's Assorted Antiques.
  1910 | D:3      | Noticed Grinder
  1919 | D:3      | Killed Grinder
  1920 | D:3      | Reached skill level 7 in Fighting
  1920 | D:3      | Reached XP level 7. HP: 56/66 MP: 6/6
  2331 | D:4      | Reached * piety under Jiyva
  2501 | D:4      | Found a hide-covered altar of Uskayaw.
  2673 | D:4      | Reached ** piety under Jiyva
  2749 | D:4      | Noticed Pikel
  2796 | D:4      | Killed Pikel
  2797 | D:4      | Reached skill level 8 in Fighting
  2797 | D:4      | Reached XP level 8. HP: 46/77 MP: 7/7
  3075 | D:5      | Entered Level 5 of the Dungeon
  3142 | D:5      | Reached skill level 9 in Fighting
  3188 | D:5      | Reached *** piety under Jiyva
  3411 | D:5      | Found a hazy altar of Hepliaklqana.
  3412 | D:5      | Found a shimmering altar of Xom.
  3413 | D:5      | Noticed a spectral ugly thing
  3550 | D:5      | Identified the +2 pair of gloves "Macveb" {rF+}
  4122 | D:6      | Reached skill level 10 in Fighting
  4368 | D:6      | Gained mutation: You are partially covered in large bone
                  | plates. (SH +4) [Jiyva's grace]
  4368 | D:6      | Gained mutation: You are mostly covered in large bone
                  | plates. (SH +6) [Jiyva's grace]
  4368 | D:6      | Gained mutation: You are completely covered in large bone
                  | plates. (SH +8) [Jiyva's grace]
  4368 | D:6      | Gained mutation: Your skin changes colour to match your
                  | surroundings (Stealth+). [Jiyva's grace]
  4374 | D:6      | Reached **** piety under Jiyva
  4429 | D:6      | Found a runed translucent door.
  4430 | D:6      | Noticed Crazy Yiuf
  4465 | D:6      | Found a staircase to the Ecumenical Temple.
  4506 | D:6      | Noticed Blork the orc
  4513 | D:6      | Killed Blork the orc
  4514 | D:6      | Reached skill level 10 in Maces & Flails
  4556 | D:6      | Found a stormy altar of Qazlal.
  4557 | D:6      | Found a blossoming altar of Fedhas.
  4558 | D:6      | Found a white marble altar of Elyvilon.
  4838 | D:6      | Killed Crazy Yiuf
  4882 | D:7      | Found Hueden Zyko's General Store.
  4940 | D:7      | Reached XP level 9. HP: 86/86 MP: 8/8
  5050 | D:7      | Reached skill level 11 in Fighting
  5183 | D:7      | Noticed a boulder beetle
  5219 | D:7      | Killed a boulder beetle
  5220 | D:7      | Reached skill level 12 in Fighting
  5482 | D:7      | Noticed Maggie
  5490 | D:7      | Killed Maggie
  5491 | D:7      | Reached XP level 10. HP: 90/100 MP: 9/9
  5519 | D:7      | Reached ***** piety under Jiyva
  5568 | D:7      | Identified a scroll of acquirement
  5568 | D:7      | Acquired the ring of Incredulity {Int-3 Dex+3 Slay+2 SInv}
  5860 | D:8      | Reached skill level 13 in Fighting
  6311 | D:8      | Found a burning altar of Makhleb.
  6565 | D:9      | Lost mutation: You are completely covered in large bone
                  | plates. (SH +8) [Jiyva's grace]
  6565 | D:9      | Gained mutation: You are strong-willed. (Will+) [Jiyva's
                  | grace]
  6565 | D:9      | Gained mutation: You are highly strong-willed. (Will++)
                  | [Jiyva's grace]
  6565 | D:9      | Gained mutation: You are extremely strong-willed. (Will+++)
                  | [Jiyva's grace]
  6565 | D:9      | Gained mutation: Your rubbery body absorbs attacks. (AC +1,
                  | EV +1) [Jiyva's grace]
  6842 | D:9      | Reached skill level 14 in Fighting
  7042 | D:10     | Entered Level 10 of the Dungeon
  7042 | D:10     | Noticed a two-headed ogre
  7042 | D:10     | Found Jelut's Weapon Boutique.
  7056 | D:10     | Killed a two-headed ogre
  7116 | D:10     | Reached XP level 11. HP: 111/111 MP: 6/10
  7326 | D:10     | Found Nuumaec's Weapon Boutique.
  7387 | D:10     | Found Satamap's Antique Weapon Shop.
  7919 | D:11     | Noticed a two-headed ogre
  7923 | D:11     | Killed a two-headed ogre
  7924 | D:11     | Reached skill level 15 in Fighting
  7936 | D:11     | Found Cekowole's Antique Weapon Shoppe.
  7985 | D:11     | Reached skill level 15 in Maces & Flails
  8020 | D:11     | Found a frozen archway.
  8131 | IceCv    | Entered an ice cave
  8247 | IceCv    | Noticed an azure jelly
  8250 | IceCv    | Found a viscous altar of Jiyva.
  8268 | IceCv    | Got the ring "Zeatt" {rC+ Will++ Dex-5}
  8310 | IceCv    | Noticed a quicksilver ooze
  8412 | D:11     | Lost mutation: You are mostly covered in large bone plates.
                  | (SH +6) [Jiyva's grace]
  8412 | D:11     | Gained mutation: You have a small jelly attached to you
                  | that senses nearby items. [Jiyva's grace]
  8412 | D:11     | Gained mutation: You have large cloven feet. [Jiyva's
                  | grace]
  8412 | D:11     | Gained mutation: You have hoof-like feet. [Jiyva's grace]
  8412 | D:11     | Gained mutation: You have hooves in place of feet. [Jiyva's
                  | grace]
  8446 | D:11     | Noticed a two-headed ogre
  8452 | D:11     | Killed a two-headed ogre
  8453 | D:11     | Reached skill level 16 in Fighting
  8493 | D:11     | Found a staircase to the Lair.
  8525 | D:11     | Noticed a two-headed ogre
  8536 | D:11     | Killed a two-headed ogre
  8594 | D:11     | Reached XP level 12. HP: 124/124 MP: 11/11
  8906 | D:12     | Found Irirec's Magic Scroll Shoppe.
  8907 | D:12     | Noticed Lodul
  8908 | D:12     | Killed a great orb of eyes
  8929 | D:12     | Killed Lodul
  9150 | D:12     | Reached skill level 17 in Fighting
  9180 | D:12     | Noticed a boulder beetle
  9190 | D:12     | Killed a boulder beetle
  9238 | D:12     | Noticed a boulder beetle
  9264 | D:12     | Killed a boulder beetle
  9269 | D:12     | Found a staircase to the Orcish Mines.
  9625 | D:12     | Found a runed translucent door.
  9668 | D:12     | Identified the staff of earth "Jacont" {*Slow rC+ Stlth+}
  9677 | D:12     | Reached skill level 18 in Fighting
 10020 | D:12     | Acquired the +5 morningstar of Dissatisfaction {flame, rN++
                  | MP+9 Dex+3}
 10301 | Lair:1   | Entered Level 1 of the Lair of Beasts
 10475 | Lair:1   | Reached XP level 13. HP: 136/136 MP: 12/12
 10753 | Lair:1   | Lost mutation: You are extremely strong-willed. (Will+++)
                  | [Jiyva's grace]
 10753 | Lair:1   | Gained mutation: Your body has grown eyes which may confuse
                  | attackers. (Acc +3) [Jiyva's grace]
 10753 | Lair:1   | Gained mutation: Your body has grown many eyes which may
                  | confuse attackers. (Acc +5) [Jiyva's grace]
 10753 | Lair:1   | Gained mutation: Your body is covered in eyes which may
                  | confuse attackers. (Acc +7, SInv) [Jiyva's grace]
 10753 | Lair:1   | Gained mutation: A frigid envelope surrounds you and
                  | freezes all who hurt you. [Jiyva's grace]
 11098 | Lair:2   | Found a runed translucent gate.
 11098 | Lair:2   | Found a runed translucent gate.
 11100 | Lair:2   | Found a runed translucent gate.
 11120 | Lair:2   | Noticed MartinW's ghost (journeyman DEFE)
 11145 | Lair:2   | Reached ****** piety under Jiyva
 11819 | Lair:2   | Reached skill level 19 in Fighting
 11825 | Lair:2   | Killed MartinW's ghost
 12243 | Lair:3   | Reached skill level 5 in Armour
 12269 | Lair:3   | Found a hole to the Spider Nest.
 12320 | Lair:3   | Found a staircase to the Swamp.
 12624 | Lair:3   | Noticed Josephine
 12633 | Lair:3   | Killed Josephine
 12798 | Lair:3   | Found a runed translucent door.
 13264 | Lair:3   | Identified the staff of air "Nohad" {rElec rPois rF+ rCorr
                  | Int+3}
 13806 | Lair:4   | Lost mutation: Your skin changes colour to match your
                  | surroundings (Stealth+). [Jiyva's grace]
 13806 | Lair:4   | Gained mutation: Your translucent skin slightly reduces
                  | your foes' accuracy. (Stealth+) [Jiyva's grace]
 13806 | Lair:4   | Gained mutation: Your translucent skin reduces your foes'
                  | accuracy. (Stealth+) [Jiyva's grace]
 13806 | Lair:4   | Gained mutation: Your transparent skin significantly
                  | reduces your foes' accuracy. (Stealth+) [Jiyva's grace]
 13806 | Lair:4   | Gained mutation: Your muscles are strong. (Str +4, Int/Dex
                  | -1) [Jiyva's grace]
 14573 | Lair:4   | Reached XP level 14. HP: 140/147 MP: 13/13
 14684 | Lair:5   | Entered Level 5 of the Lair of Beasts
 14817 | Lair:5   | Noticed Urug
 14879 | Lair:5   | Killed Urug
 15051 | Lair:5   | Found a staircase to the Slime Pits.
 15073 | Lair:5   | Found a dark tunnel.
 15141 | Lair:5   | Reached skill level 10 in Armour
 15143 | Lair:5   | Reached skill level 20 in Fighting
 15335 | Lair:5   | Lost mutation: You are highly strong-willed. (Will++)
                  | [Jiyva's grace]
 15335 | Lair:5   | Lost mutation: Your body is covered in eyes which may
                  | confuse attackers. (Acc +7, SInv) [Jiyva's grace]
 15335 | Lair:5   | Lost mutation: Your transparent skin significantly reduces
                  | your foes' accuracy. (Stealth+) [Jiyva's grace]
 15335 | Lair:5   | Gained mutation: Your melee attacks may engulf your foes in
                  | ooze. [Jiyva's grace]
 15335 | Lair:5   | Gained mutation: Your body is covered in eyes which may
                  | confuse attackers. (Acc +7, SInv) [Jiyva's grace]
 15335 | Lair:5   | Gained mutation: You have acidic saliva. [Jiyva's grace]
 15335 | Lair:5   | Gained mutation: You have sharp fingernails. [Jiyva's
                  | grace]
 16196 | Orc:1    | Entered Level 1 of the Orcish Mines
 16372 | Orc:2    | Entered Level 2 of the Orcish Mines
 16403 | Orc:2    | Found a staircase to the Elven Halls.
 16438 | Orc:2    | Noticed an orc warlord
 16473 | Orc:2    | Killed an orc warlord
 16664 | Orc:2    | Found Rycixoq's Book Emporium.
 16795 | Orc:2    | Found Vocuenly's Antique Weapon Shop.
 16857 | Orc:2    | Found Hushediz's General Store.
 16902 | Orc:2    | Found Cyuka's Antique Armour Shoppe.
 17216 | D:13     | Lost mutation: Your body is covered in eyes which may
                  | confuse attackers. (Acc +7, SInv) [Jiyva's grace]
 17216 | D:13     | Lost mutation: Your body has grown many eyes which may
                  | confuse attackers. (Acc +5) [Jiyva's grace]
 17216 | D:13     | Lost mutation: Your rubbery body absorbs attacks. (AC +1,
                  | EV +1) [Jiyva's grace]
 17216 | D:13     | Gained mutation: Your rubbery body absorbs attacks. (AC +1,
                  | EV +1) [Jiyva's grace]
 17216 | D:13     | Gained mutation: Your pliable body absorbs attacks. (AC +2,
                  | EV +2) [Jiyva's grace]
 17216 | D:13     | Gained mutation: Your gelatinous body deflects attacks. (AC
                  | +3, EV +3) [Jiyva's grace]
 17216 | D:13     | Gained mutation: Armour fits poorly on your pseudopods.
                  | [Jiyva's grace]
 17757 | D:13     | Reached XP level 15. HP: 157/157 MP: 14/14
 18110 | D:14     | Found a gate to the Vaults.
 18110 | D:14     | Noticed Nessos
 18127 | D:14     | Killed Nessos
 18350 | D:14     | Lost mutation: You have hooves in place of feet. [Jiyva's
                  | grace]
 18350 | D:14     | Lost mutation: You have hoof-like feet. [Jiyva's grace]
 18350 | D:14     | Lost mutation: You are partially covered in large bone
                  | plates. (SH +4) [Jiyva's grace]
 18350 | D:14     | Lost mutation: You have a small jelly attached to you that
                  | senses nearby items. [Jiyva's grace]
 18350 | D:14     | Gained mutation: Armour fits poorly on your large
                  | pseudopods. [Jiyva's grace]
 18350 | D:14     | Gained mutation: Armour fits poorly on your massive
                  | pseudopods. [Jiyva's grace]
 18350 | D:14     | Lost intelligence.
 18350 | D:14     | Gained mutation: You are agile. (Dex +4, Str/Int -1)
                  | [Jiyva's grace]
 18350 | D:14     | Gained mutation: You are very agile. (Dex +8, Str/Int -2)
                  | [Jiyva's grace]
 18503 | D:15     | Entered Level 15 of the Dungeon
 18503 | D:15     | Found a staircase to the Depths.
 18520 | D:15     | Reached skill level 21 in Fighting
 19626 | D:15     | Found an ancient bone altar of Kikubaaqudgha.
 20031 | Spider:1 | Entered Level 1 of the Spider Nest
 20308 | Spider:2 | Reached skill level 15 in Armour
 20502 | Spider:2 | Lost mutation: You are very agile. (Dex +8, Str/Int -2)
                  | [Jiyva's grace]
 20502 | Spider:2 | Lost mutation: Your gelatinous body deflects attacks. (AC
                  | +3, EV +3) [Jiyva's grace]
 20502 | Spider:2 | Lost mutation: Armour fits poorly on your massive
                  | pseudopods. [Jiyva's grace]
 20502 | Spider:2 | Lost mutation: Your translucent skin reduces your foes'
                  | accuracy. (Stealth+) [Jiyva's grace]
 20502 | Spider:2 | Lost mutation: Your translucent skin slightly reduces your
                  | foes' accuracy. (Stealth+) [Jiyva's grace]
 20502 | Spider:2 | Lost mutation: Your melee attacks may engulf your foes in
                  | ooze. [Jiyva's grace]
 20502 | Spider:2 | Gained mutation: You are robust. (+10% HP) [Jiyva's grace]
 20502 | Spider:2 | Gained mutation: You are very robust. (+20% HP) [Jiyva's
                  | grace]
 20502 | Spider:2 | Gained mutation: You are extremely robust. (+30% HP)
                  | [Jiyva's grace]
 20502 | Spider:2 | Gained mutation: Your translucent skin slightly reduces
                  | your foes' accuracy. (Stealth+) [Jiyva's grace]
 21573 | Spider:3 | Noticed Bai Suzhen
 21587 | Spider:3 | Killed Bai Suzhen
 21765 | Spider:3 | Reached XP level 16. HP: 216/217 MP: 15/15
 21950 | Spider:3 | Noticed Arachne
 21956 | Spider:3 | Killed Arachne
 22202 | Spider:3 | Noticed Donald
 22215 | Spider:3 | Killed Donald
 22258 | Spider:3 | Lost mutation: You have sharp fingernails. [Jiyva's grace]
 22258 | Spider:3 | Lost mutation: You are extremely robust. (+30% HP) [Jiyva's
                  | grace]
 22258 | Spider:3 | Lost mutation: Your muscles are strong. (Str +4, Int/Dex
                  | -1) [Jiyva's grace]
 22258 | Spider:3 | Lost mutation: Your translucent skin slightly reduces your
                  | foes' accuracy. (Stealth+) [Jiyva's grace]
 22258 | Spider:3 | Gained mutation: You are partially covered in large bone
                  | plates. (SH +4) [Jiyva's grace]
 22258 | Spider:3 | Gained mutation: You are mostly covered in large bone
                  | plates. (SH +6) [Jiyva's grace]
 22258 | Spider:3 | Gained mutation: You are completely covered in large bone
                  | plates. (SH +8) [Jiyva's grace]
 22258 | Spider:3 | Gained mutation: You are partially covered in iridescent
                  | scales. (AC +2) [Jiyva's grace]
 22371 | Spider:4 | Entered Level 4 of the Spider Nest
 22454 | Spider:4 | Reached skill level 22 in Fighting
 22939 | Spider:4 | Got a gossamer rune of Zot
 23336 | Spider:4 | Found a runed translucent door.
 23336 | Spider:4 | Noticed fedoskokos's ghost (adept MiBe)
 23359 | Spider:4 | Killed fedoskokos's ghost
 23755 | Swamp:1  | Entered Level 1 of the Swamp
 23904 | Lair:3   | Reached XP level 17. HP: 152/213 MP: 16/16
 25476 | Swamp:2  | Lost mutation: You have large cloven feet. [Jiyva's grace]
 25476 | Swamp:2  | Lost mutation: You are strong-willed. (Will+) [Jiyva's
                  | grace]
 25476 | Swamp:2  | Lost mutation: You are very robust. (+20% HP) [Jiyva's
                  | grace]
 25476 | Swamp:2  | Lost mutation: Your pliable body absorbs attacks. (AC +2,
                  | EV +2) [Jiyva's grace]
 25476 | Swamp:2  | Gained mutation: Armour fits poorly on your massive
                  | pseudopods. [Jiyva's grace]
 25476 | Swamp:2  | Gained mutation: You have an increased reservoir of magic.
                  | (+10% MP) [Jiyva's grace]
 25476 | Swamp:2  | Gained mutation: You have a considerably increased
                  | reservoir of magic. (+20% MP) [Jiyva's grace]
 25476 | Swamp:2  | Gained mutation: You have a greatly increased reservoir of
                  | magic. (+30% MP) [Jiyva's grace]
 26271 | Slime:1  | Entered Level 1 of the Pits of Slime
 26359 | Slime:1  | Noticed an acid blob
 26411 | Slime:1  | Noticed an acid blob
 26433 | Slime:2  | Noticed an acid blob
 26433 | Slime:2  | Noticed an acid blob
 26580 | Slime:3  | Noticed an acid blob
 26778 | Slime:3  | Noticed an acid blob
 26849 | Slime:4  | Noticed an acid blob
 27093 | Slime:4  | Noticed Dissolution
 27101 | Slime:5  | Entered Level 5 of the Pits of Slime
 27140 | Slime:5  | Noticed an acid blob
 27141 | Slime:5  | Noticed an acid blob
 27142 | Slime:5  | Found a viscous altar of Jiyva.
 27142 | Slime:5  | Noticed an acid blob
 27142 | Slime:5  | Noticed an acid blob
 27145 | Slime:5  | Noticed an acid blob
 27146 | Slime:5  | Noticed an acid blob
 27149 | Slime:5  | Noticed an acid blob
 27150 | Slime:5  | Got a slimy rune of Zot
 27155 | Slime:5  | Noticed the Royal Jelly
 27159 | Slime:5  | Identified the +4 hand axe of Murphar {freeze, MP+9}
 27162 | Slime:5  | Got Sif Muna's Guide on Relocation and Congelation
 27164 | Slime:5  | Identified the +2 long sword "Paafeniw" {freeze, *Noise
                  | MP+9 Dex+4 Stlth+}
 27166 | Slime:5  | Identified the +4 scale mail of Wiogat {rC+}
 27191 | Slime:5  | Identified the +0 plate armour of Lilacs {rN+}
 27202 | Slime:5  | Identified the +2 pair of gloves of Midsummer {rN+}
 27256 | Slime:5  | Noticed an acid blob
 27282 | Slime:5  | Noticed an acid blob
 27295 | Slime:5  | Noticed an acid blob
 27832 | Swamp:3  | Reached skill level 5 in Shields
 27837 | Swamp:3  | Reached skill level 23 in Fighting
 27850 | Swamp:4  | Entered Level 4 of the Swamp
 27956 | Swamp:3  | Identified the +4 ring mail of Pantheism {Str+4}
 29049 | Swamp:4  | Got a decaying rune of Zot
 29491 | Vaults:1 | Entered Level 1 of the Vaults
 29591 | Vaults:1 | Reached XP level 18. HP: 132/207 MP: 22/22
 29972 | Vaults:1 | Identified the ring of Vamuaf {rElec rPois Str+3}
 30027 | Abyss:2  | Cast into level 2 of the Abyss (a wizard)
 30052 | Abyss:3  | Found a corrupted altar of Lugonu.
 30092 | Abyss:3  | Reached skill level 1 in Evocations
 30196 | Abyss:4  | Lost mutation: You are agile. (Dex +4, Str/Int -1) [Jiyva's
                  | grace]
 30196 | Abyss:4  | Lost mutation: You have a greatly increased reservoir of
                  | magic. (+30% MP) [Jiyva's grace]
 30196 | Abyss:4  | Lost mutation: Armour fits poorly on your massive
                  | pseudopods. [Jiyva's grace]
 30196 | Abyss:4  | Lost mutation: Armour fits poorly on your large pseudopods.
                  | [Jiyva's grace]
 30196 | Abyss:4  | Gained mutation: You are mostly covered in iridescent
                  | scales. (AC +4) [Jiyva's grace]
 30196 | Abyss:4  | Gained mutation: You are completely covered in iridescent
                  | scales. (AC +6) [Jiyva's grace]
 30196 | Abyss:4  | Gained mutation: You have large cloven feet. [Jiyva's
                  | grace]
 30196 | Abyss:4  | Gained mutation: You have hoof-like feet. [Jiyva's grace]
 30255 | Abyss:4  | Found a corrupted altar of Lugonu.
 30354 | Vaults:1 | Escaped the Abyss
 30359 | Vaults:1 | Reached skill level 10 in Shields
 30842 | Vaults:2 | Reached skill level 24 in Fighting
 31220 | Vaults:2 | Found a staircase to the Crypt.
 31387 | Depths:1 | Entered Level 1 of the Depths
 31397 | Depths:1 | Reached skill level 5 in Evocations
 31781 | Depths:1 | Found a gateway to Hell.
 32131 | Depths:1 | Found a shadowy altar of Dithmenos.
 32187 | Depths:2 | Found a broken altar of Ashenzari.
 32199 | Depths:2 | Noticed a lich
 32205 | Depths:2 | Killed a lich
 32312 | Depths:3 | Reached XP level 19. HP: 94/220 MP: 21/21
 32717 | Depths:3 | Killed from afar by an ice dragon

Illustrated notes

Levels and vault maps discovered:
D:1:      minmay_arrival_pointy, layout_basic, minmay_hexomino_u4
D:2:      layout_loops_cross, serial_shops, nicolae_shop_advertising_works
          [nicolae_subvault_shop_adworks], uniq_jessica
D:3:      layout_rooms, portal_sewer_entry_b, serial_shops, shop, uniq_grinder
D:4:      layout_basic, general_overflow_altar, uniq_pikel
D:5:      nicolae_cairo_tiling_large_dashed, layout_gridville,
          regret_index_temple_of_mockery
D:6:      layout_basic, gammafunk_temple_overflow_claw,
          minmay_temple_entry_oklob, moated_statue, glass_columns_a,
          hangedman_abyss_or_decor_lesser_grid, uniq_blork_the_orc,
          uniq_crazy_yiuf_cottage
D:7:      layout_cave_pools, serial_shops, nicolae_shop_statue_plus,
          minmay_misc_feat_nine_boxes, nzn_random_ring, uniq_maggie
D:8:      layout_gridville, kennysheep_mini, serial_bayou,
          serial_bayou_lagoon_b, serial_bayou_crossing, serial_bayou_pond_a,
          serial_bayou_pond_c, solitary_fountain
D:9:      layout_basic
D:10:     layout_loops_ring, serial_shops, shop, shop_coins, shop,
          minmay_misc_feat_pillars, kennysheep_generic_room_6
D:11:     layout_rooms, erik_lair_orcish_takeover, serial_ice, serial_ice_k,
          serial_ice_a, serial_ice_c, serial_ice_m, serial_ice_h, serial_ice_f,
          portal_ice_cave_entry_ice_simulacra, serial_shops, shop,
          kennysheep_generic_room_12
D:12:     mludivico_vault, layout_rooms, orc_0_dummy, nicolae_stop_n_shop_1,
          minmay_holes, minivault_20, minmay_misc_feat_plants,
          palyth_stone_intersect, uniq_lodul
D:13:     layout_irregular_city
D:14:     layout_irregular_city, david_vaults_3, hangedman_decor_peaks_small,
          uniq_nessos
D:15:     gammafunk_depths_entry_grave, layout_basic, serial_corexii_hall,
          corexii_hall_statues_u, chequers_hall_statues_wall_a,
          kennysheep_vampire_church
Lair:1:   layout_regular_city, grunt_megastairs_2
Lair:2:   layout_concentric_octagons, gammafunk_ghost_necromancy, st_stairs_3,
          grunt_megastairs_4, infiniplex_staircase_pool
Lair:3:   layout_hall_layers, palyth_hydra_swamp_entry,
          hellmonk_spider_entry_life_and_decay, pf_torpor_hydra,
          lemuel_fruit_fields, uniq_josephine
Lair:4:   minmay_lair_oklob_tunnel, layout_small_grid,
          nicolae_quartered_pool_super, lemuel_fruit_tree
Lair:5:   evilmike_catoblepas_cave, layout_regular_city,
          dpeg_slime_entry_enclosed, nicolae_volcano_entry_hallway,
          roderic_batcave, uniq_urug
Swamp:1:  layout_basic_swamp, evilmike_swamp_ruin_house_4, st_shrine_of_shade
Swamp:2:  layout_basic_swamp, evilmike_swamp_ruin_rubble_2, worms_lemuel
Swamp:3:  layout_basic_swamp, nicolae_swamp_feature_on_the_river_bank,
          swamp_pool3
Swamp:4:  swamp_alternative, layout_basic_swamp
Spider:1: lemuel_spider_zombies, hellmonk_deceptive_appearances
Spider:2: layout_chambers, nicolae_spider_paper_wasps
Spider:3: layout_spider_delve, nicolae_spider_stair_cavern, uniq_arachne,
          uniq_bai_suzhen, uniq_donald
Spider:4: guppyfry_spider_rune, ebering_ghost_inner_flame
Slime:1:  layout_caves, cheibrodos_slime_lost_civilization_4
Slime:2:  layout_caves
Slime:3:  layout_caves
Slime:4:  layout_caves, uniq_dissolution
Slime:5
Orc:1:    layout_caves, serial_shops, nicolae_shop_behind_doors,
          nicolae_shop_clearance, uniq_snorg
Orc:2:    grunt_orc_gardens, layout_caves, grunt_orc_garden, grunt_orc_garden,
          grunt_orc_garden, grunt_orc_garden
Vaults:1: nicolae_vaults_door_testing_chamber, ontoclasm_vaults_ring_square,
          ontoclasm_vaults_gateway, vaults_dpeg_emergency_exit,
          nicolae_vaults_apartment_1, nicolae_vaults_house_1,
          ontoclasm_vaults_spin, nicolae_vaults_trapezoid_4, v_misc_9,
          v_alt_pattern_6, nicolae_vaults_tetromino_Z_2, layout_vaults_omnigrid,
          serial_shops, shop
Vaults:2: nicolae_vaults_mitosis, nicolae_vaults_tetromino_Z_2, v_misc_12,
          nicolae_vaults_little_squares_1, nicolae_vaults_storage_closets_2,
          nicolae_vaults_six-pack, minmay_crypt_entry_skeletal_spiral,
          nicolae_vaults_security_offices_2, ontoclasm_vaults_bender,
          hangedman_vaults_restitches, nicolae_vaults_double_plus_2,
          hangedman_vaults_cutoff, layout_vaults_omnibox, serial_shops,
          bzr_entry_lakeside, nicolae_shop_hallway_plus
Depths:1: layout_gridville, hellmouth_3, serial_shops,
          nicolae_shop_gaudy_bauble, amcnicky_mini_pool_small,
          nicolae_dithmenos_the_darkroom
Depths:2: nzn_winding_woodlands_small [nzn_winding_woodlands_5x15_cabin,
          nzn_winding_woodlands_center_triple_pond,
          nzn_winding_woodlands_5x15_sawtooth], layout_long_grid,
          enter_ziggurat_e, serial_shops, shop, pf_hell_entry_tar_river,
          grunt_decor_junction, serial_glass, glass_columns_b, glass_columns_a,
          rand_demon_pan_entry_9, cheibrodos_ashenzari_chains
Depths:3: kennysheep_funnel, layout_basic, grunt_hell_entry_demonic_statue,
          hangedman_abyss_entry_splay, infiniplex_staircase_zigzag_2

Skill      XL: |  1  2  3  4  5  6  7  8  9 10 11 12 13 14 15 16 17 18 19 |
---------------+----------------------------------------------------------+-----
Fighting       | 4 5 6 7 8 10 12 14 16 18 19 20 21 22 23 24 | 24.7
Maces & Flails | 3 4 5 6 8 10 12 14 16 18 19 20 21 22 23 | 23.3
Armour         | 8 13 16 18 19 20 | 20.4
Shields        | 8 12 13 | 13.4
Evocations     | 5 |  5.8

Action                     |  1- 3 |  4- 6 |  7- 9 | 10-12 | 13-15 | 16-18 | 19-21 || total
---------------------------+-------+-------+-------+-------+-------+-------+-------++-------
  Melee: Flail             |    49 |   109 |    69 |       |       |       |       ||   227
         Headbutt          |     6 |    14 |    71 |    76 |   182 |   242 |    18 ||   609
         Whip              |       |       |   225 |       |       |       |       ||   225
         Mace              |       |       |    33 |    99 |       |       |       ||   132
         Morningstar       |       |       |       |   260 |   680 |   929 |       ||  1869
         Kick              |       |       |       |    45 |   254 |   193 |       ||   492
         Bite              |       |       |       |       |    52 |   138 |     6 ||   196
         Pseudopods        |       |       |       |       |    65 |   251 |    15 ||   331
         Demon whip        |       |       |       |       |       |    62 |    56 ||   118
 Invoke: Oozemancy         |       |       |       |     6 |    11 |    16 |     4 ||    37
         Slimify           |       |       |       |       |       |     1 |       ||     1
Ability: Evoke Blink       |       |       |       |       |     1 |     1 |       ||     2
    Use: Scroll            |     4 |     1 |     7 |     8 |     5 |    13 |       ||    38
         Potion            |       |       |       |       |       |     6 |       ||     6
   Stab: Confused          |       |       |       |       |    21 |    13 |       ||    34
         Distracted        |       |       |       |       |     2 |     1 |       ||     3
 Armour: Scale mail        |    19 |       |       |       |       |       |       ||    19
         Chain mail        |       |    40 |   127 |   113 |   238 |   416 |    22 ||   956
  Dodge: Dodged            |    20 |    40 |    61 |    91 |   202 |   256 |     9 ||   679
  Block: Buckler           |    11 |    23 |    97 |   171 |   379 |    32 |       ||   713
         Reflection        |       |       |       |       |    11 |    30 |     1 ||    42
         Kite shield       |       |       |       |       |       |  1073 |    42 ||  1115
